AoeStats
← juan.baldez

Lombardia

509743583Analyzed
4v4 RM · 4d ago on Sep 27, 2026· 48m 13s· 8 players
Game mode
Random Map
Map size
Large (8 player)
Population
200
Speed
Normal
Resources
Standard
Victory
Conquest
Starting age
Dark Age
Ending age
Imperial Age
RankedLock teamsTeams togetherTeam positionsShared explorationLock speedFull tech treeHidden civsTurbo modeCheats
Victory
Defeat
🇨🇳 Mongols · China
1163
+16
🇺🇸 Gurjaras · United States
1159
+16
🇦🇷 Huns · Argentina
1146
+16
🇧🇷 Celts · Brazil
1078
+49
🇹🇷 Armenians · Türkiye
1173
-18
🇳🇮 Spanish · Nicaragua
1161
-17
🇺🇸 Aztecs · United States
1153
-17
🇩🇪 Burgundians · Germany
1133
-16
Salty
13:24 Feudal Age
14:01 Horse Collar
15:13 Town Watch
16:17 Double-Bit Axe
17:23 Wheelbarrow
17:20 Gold Mining
21:07 Castle Age
20:46 Fletching
20:57 Padded Archer Armor
21:10 Crossbowman
21:17 Crossbowman
23:52 Bodkin Arrow
30:29 Imperial Age
28:36 Fortified Wall
29:25 Gold Shaft Mining
29:12 Bow Saw
29:42 Ballistics
30:48 Arbalester
32:03 Leather Archer Armor
32:20 Bracer
34:04 Caravan
39:23 Eagle Warrior
39:29 Pikeman
39:35 Pikeman
theDude
5:13 Loom
10:29 Double-Bit Axe
12:46 Feudal Age
11:57 Wheelbarrow
13:29 Feudal Age
18:28 Castle Age
16:40 Horse Collar
17:00 Gold Mining
17:43 Bow Saw
20:10 Husbandry
22:19 Cavalier
26:56 Town Watch
31:36 Two-Man Saw
31:04 Heavy Plow
32:02 Gold Shaft Mining
36:51 Imperial Age
34:45 Scale Barding Armor
34:51 Forging
36:18 Ballistics
37:19 Paladin
38:24 Conscription
38:28 Chain Barding Armor
38:43 Iron Casting
39:44 Plate Barding Armor
39:05 Pikeman
41:37 Blast Furnace
40:26 Halberdier
41:06 Squires
lord_blandon
8:01 Loom
10:31 Feudal Age
14:48 Wheelbarrow
13:58 Town Watch
21:02 Castle Age
19:40 Double-Bit Axe
19:49 Horse Collar
21:35 Fletching
21:45 Padded Archer Armor
27:11 Bow Saw
27:18 Heavy Plow
28:41 Hand Cart
28:27 Town Patrol
29:00 Town Patrol
34:38 Imperial Age
33:34 Caravan
35:50 Conscription
34:54 Elite Conquistador
36:45 Forging
36:36 Scale Mail Armor
36:42 Scale Barding Armor
36:28 Cavalier
37:20 Bloodlines
37:13 Husbandry
36:35 Light Cavalry
38:26 Iron Casting
37:26 Hussar
37:30 Paladin
39:00 Chain Mail Armor
40:15 Fortified Wall
40:26 Ballistics
41:07 Chemistry
40:03 Murder Holes
41:27 Blast Furnace
† Yatugrat †
12:45 Feudal Age
14:33 Horse Collar
14:49 Double-Bit Axe
17:40 Castle Age
20:48 Bow Saw
20:30 Gold Mining
20:33 Stone Mining
22:29 Heavy Plow
22:13 Pikeman
22:54 Squires
24:09 Man-at-Arms
24:34 Gambesons
25:13 Arson
25:36 Scale Mail Armor
28:09 Chain Mail Armor
28:06 Town Watch
28:09 Loom
28:36 Halberdier
30:53 Long Swordsman
31:34 Elite Skirmisher
32:08 Fletching
32:19 Padded Archer Armor
32:31 Forging
32:46 Town Patrol
33:21 Wheelbarrow
33:01 Two-Handed Swordsman
35:44 Bodkin Arrow
38:35 Iron Casting
40:46 Imperial Age
43:32 Two-Handed Swordsman
PuneMahaWarrior
10:54 Feudal Age
15:31 Castle Age
14:57 Double-Bit Axe
16:32 Loom
20:56 Horse Collar
25:01 Wheelbarrow
25:28 Gold Mining
26:01 Stone Mining
27:38 Hand Cart
27:09 Town Watch
31:33 Imperial Age
29:36 Scale Barding Armor
30:17 Kshatriyas
30:58 Chain Barding Armor
31:33 Forging
32:03 Husbandry
32:13 Bloodlines
31:42 Heavy Camel Rider
32:59 Plate Barding Armor
32:45 Conscription
33:27 Iron Casting
33:21 Frontier Guards
38:36 Gold Shaft Mining
38:36 Stone Shaft Mining
46:16 Spies/Treason
JPR2405
7:35 Loom
9:53 Feudal Age
14:23 Castle Age
14:31 Double-Bit Axe
15:42 Bow Saw
16:34 Fletching
17:49 Scale Barding Armor
18:49 Forging
18:38 Horse Collar
20:52 Bodkin Arrow
20:52 Gold Mining
22:16 Wheelbarrow
25:28 Chain Barding Armor
29:17 Ballistics
31:43 Husbandry
32:51 Gold Shaft Mining
32:06 Stone Mining
35:48 Imperial Age
34:53 Hand Cart
34:27 Town Watch
36:38 Bracer
37:19 Parthian Tactics
37:19 Heavy Cavalry Archer
40:19 Thumb Ring
41:40 Chemistry
42:29 Stone Mining
45:19 Plate Barding Armor
45:03 Town Patrol
45:42 Iron Casting
juan.baldez
11:19 Feudal Age
16:41 Castle Age
14:42 Double-Bit Axe
16:34 Scale Barding Armor
16:40 Forging
21:38 Bow Saw
21:22 Loom
25:24 Pikeman
29:19 Gold Mining
29:21 Stone Mining
29:16 Horse Collar
32:57 Imperial Age
32:01 Heavy Plow
32:51 Gambesons
32:52 Arson
33:10 Scale Mail Armor
33:46 Iron Casting
34:07 Chain Mail Armor
34:55 Wheelbarrow
34:08 Town Watch
36:24 Conscription
37:44 Fletching
38:25 Plate Mail Armor
38:55 Blast Furnace
41:06 Hand Cart
41:38 Bodkin Arrow
46:49 Padded Archer Armor
47:09 Chain Barding Armor
老父亲的眼泪
8:04 Loom
11:13 Feudal Age
15:36 Castle Age
13:41 Double-Bit Axe
14:21 Horse Collar
17:10 Bow Saw
25:13 Gold Mining
29:55 Imperial Age
28:09 Wheelbarrow
28:37 Forging
28:56 Bloodlines
28:46 Husbandry
29:22 Scale Barding Armor
29:28 Forging
29:44 Heavy Plow
31:23 Chain Barding Armor
31:21 Elite Steppe Lancer
32:38 Iron Casting
32:52 Hand Cart
34:40 Blast Furnace
38:25 Town Watch
38:34 Fletching
38:44 Padded Archer Armor
40:40 Bodkin Arrow
41:00 Leather Archer Armor
41:13 Ballistics
41:55 Chemistry
41:02 Nomads
41:25 Conscription
41:57 Thumb Ring
42:21 Parthian Tactics
42:27 Elite Mangudai
43:10 Bracer
Connection lost

Rejoining the realm…

Still unreachable

The connection could not be restored.

Session expired

The server has moved on; the page needs a fresh start.